 Dungeon Crawl Stone Soup version 0.22.1-1-ga44c0e5 (webtiles) character file.

8583 Fang the Cleaver (level 11, -2/106 HPs)
             Began as a Gargoyle Berserker on Oct 24, 2018.
             Was a High Priest of Trog.
             Slain by a red ugly thing (4 damage)
             ... on level 11 of the Dungeon.
             The game lasted 00:15:54 (13499 turns).

Fang the Cleaver (Gargoyle Berserker)              Turns: 13499, Time: 00:15:54

Health: -2/106     AC: 26    Str: 29    XL:     11   Next: 33%
Magic:  11/11      EV:  9    Int:  8    God:    Trog [*****.]
Gold:   718        SH:  0    Dex:  9    Spells: 10/10 levels left

rFire    . . .     SeeInvis .   t - +1 war axe
rCold    . . .     Gourm    +   (no shield)
rNeg     + . .     Faith    .   p - +5 plate armour
rPois    ∞         Spirit   .   (no helmet)
rElec    +         Reflect  .   (no cloak)
rCorr    .         Harm     .   (no gloves)
MR       .....                  (no boots)
Stlth    ..........             s - amulet of the gourmand
HPRegen  0.27/turn              (no ring)
MPRegen  0.12/turn              (no ring)

@: berserking, very quick
A: negative energy resistance 1, electricity resistance, unbreathing,
petrification resistance, rot immunity, AC +8
a: Berserk, Trog's Hand, Brothers in Arms, Renounce Religion


You were on level 11 of the Dungeon.
You worshipped Trog.
Trog was extremely pleased with you.
You were very full.

You visited 2 branches of the dungeon, and saw 12 of its levels.

You collected 718 gold pieces.

Inventory:

Hand Weapons
 t - a +1 war axe (weapon)
Armour
 p - a +5 plate armour (worn)
Jewellery
 o - an uncursed amulet of regeneration
 s - an amulet of the gourmand (around neck)
 u - a +3 amulet of reflection {unknown}
Wands
 k - a wand of iceblast (15)
 w - a wand of digging (11)
Scrolls
 b - 2 scrolls of magic mapping
 d - 5 scrolls of identify
 h - 7 scrolls of teleportation
 i - a scroll of remove curse
 l - 2 scrolls of fear
 q - 2 scrolls of blinking
Potions
 e - 3 potions of brilliance
 f - 2 potions of berserk rage
 g - 5 potions of curing
 j - a potion of haste
 m - a potion of ambrosia
 n - 2 potions of flight
 r - a potion of invisibility
 v - 2 potions of lignification
 x - 2 potions of might
Comestibles
 c - 18 rations


   Skills:
 + Level 9.6 Fighting
 + Level 11.7 Axes
 + Level 8.2 Armour
 + Level 3.7 Dodging
 + Level 2.3 Stealth


You had 10 spell levels left.
You didn't know any spells.
Your spell library was empty.

Dungeon Overview and Level Annotations

Branches:
Dungeon (11/15)            Temple (1/1) D:4            Lair (0/6) D:9
    Orc (0/2) D:10

Altars:
Ashenzari
Cheibriados
Dithmenos
Nemelex Xobeh
Qazlal
Trog
Uskayaw
Wu Jian
The Shining One

Shops:
D:8 =


Innate Abilities, Weirdness & Mutations

You are resistant to torment.
Your stone body is resilient. (AC +8)
You are immune to poison.
You resist negative energy. (rN+)
You are resistant to electric shocks. (rElec)
You can survive without breathing.
You are immune to petrification.
You are immune to rotting.


Message History

You slash the yak!
You kill the yak!
Trog accepts your kill.
You slice the red ugly thing!! The red ugly thing bites you.
* * * LOW HITPOINT WARNING * * *
You are engulfed in flames!!
* * * LOW HITPOINT WARNING * * *
The yak closely misses you.
You see here a sky beast corpse.
Unknown command.
You barely miss the red ugly thing.
The red ugly thing is severely wounded.
You slash the yak!
The red ugly thing splashes around in the water.
The yak completely misses you.
Unknown command.
You barely miss the red ugly thing.
The red ugly thing is severely wounded.
You slash the yak! The red ugly thing bites you.
You die...

############
#........(.##
#............
#..........#
#..........#
#.....≈....#
#)..Y......#
#...u@.....#
#####.###### #.##
#..## ##..#
#######'####
#.........<#
#..........#######+###
#..........'...##.....


You could see a red ugly thing and a yak.

Vanquished Creatures
  An unseen horror (D:10)
  The ghost of raszama the Skirmisher, an amateur DsGl (D:5)
  6 yaks
  A wyvern (D:11)
  A hungry ghost (D:8)
  A steam dragon (D:9)
  A wraith (D:10)
  Edmund (D:4)
  2 wargs (D:10)
  An acid dragon (D:11)
  A water moccasin (D:7)
  3 orc warriors
  2 black bears
  3 sky beasts
  A hornet zombie (D:7)
  3 phantoms
  A necrophage (D:6)
  2 ice beasts
  7 ogres
  4 centaurs
  2 big kobolds
  4 bullfrogs
  2 scorpions
  A water moccasin skeleton (D:8)
  9 wights
  26 killer bees
  A howler monkey (D:5)
  2 crimson imps
  A quasit (D:10)
  6 hounds
  6 orc priests
  4 jellies
  10 orc wizards
  2 iguanas
  Natasha (thrice) (D:4)
  2 worker ants
  A hound zombie (D:4)
  A hound skeleton (D:9)
  3 worker ant zombies
  27 adders
  A shadow imp (D:6)
  An adder zombie (D:6)
  2 adder skeletons
  5 worms
  3 dart slugs (D:2)
  4 leopard geckos
  24 orcs
  A ball python (D:2)
  6 giant cockroaches
  8 goblins
  7 hobgoblins
  26 jackals
  22 kobolds
  10 quokkas
  10 bats
  6 frilled lizards
  A jackal skeleton (D:5)
  A quokka skeleton (D:8)
  5 rats
299 creatures vanquished.

Vanquished Creatures (others)
  A wizard (D:4)
1 creature vanquished.

Grand Total: 300 creatures vanquished

Notes
Turn   | Place    | Note
-------+----------+-------------------------------------------
     0 | D:1      | Fang the Gargoyle Berserker began the quest for the Orb.
     0 | D:1      | Reached XP level 1. HP: 14/14 MP: 1/1
   185 | D:1      | Reached XP level 2. HP: 19/19 MP: 2/2
   529 | D:1      | Reached skill level 3 in Axes
   758 | D:2      | Reached XP level 3. HP: 15/24 MP: 3/3
  1012 | D:2      | Reached XP level 4. HP: 4/29 MP: 4/4
  1361 | D:2      | Reached ** piety under Trog
  2094 | D:3      | Reached XP level 5. HP: 26/33 MP: 5/5
  2119 | D:3      | Reached skill level 4 in Axes
  2119 | D:3      | Reached skill level 1 in Stealth
  3083 | D:4      | Noticed Natasha
  3086 | D:4      | Killed Natasha
  3132 | D:4      | Noticed Natasha
  3141 | D:4      | Reached XP level 6. HP: 37/39 MP: 6/6
  3144 | D:4      | Killed Natasha
  3284 | D:4      | Found a staircase to the Ecumenical Temple.
  3349 | D:4      | Reached *** piety under Trog
  3349 | D:4      | Reached skill level 5 in Axes
  3351 | D:4      | Found a sparkling altar of Nemelex Xobeh.
  3630 | D:4      | Reached XP level 7. HP: 41/44 MP: 7/7
  3670 | D:4      | Found a bloodstained altar of Trog.
  3671 | D:4      | Noticed a wizard
  3676 | D:4      | Killed a wizard
  3686 | D:4      | Noticed Edmund
  3730 | D:4      | Killed Edmund
  3730 | D:4      | Reached skill level 5 in Fighting
  3944 | D:4      | Noticed Natasha
  3951 | D:4      | Killed Natasha
  4304 | D:4      | Found a snail-covered altar of Cheibriados.
  4388 | D:5      | Entered Level 5 of the Dungeon
  4402 | D:5      | Found an ornate altar of the Wu Jian Council.
  4601 | D:5      | Noticed raszama's ghost (amateur DsGl)
  4602 | D:5      | Found a runed door.
  4642 | D:5      | Found a shadowy altar of Dithmenos.
  4669 | D:5      | Reached skill level 6 in Axes
  4890 | D:5      | Reached XP level 8. HP: 50/50 MP: 8/8
  5213 | D:5      | Killed raszama's ghost
  5486 | D:6      | Reached skill level 7 in Axes
  5486 | D:6      | Reached skill level 5 in Armour
  5758 | Temple   | Entered the Ecumenical Temple
  6031 | D:6      | Reached XP level 9. HP: 52/56 MP: 9/9
  6277 | D:6      | Reached skill level 8 in Axes
  6419 | D:7      | Found a stormy altar of Qazlal.
  6424 | D:7      | Reached **** piety under Trog
  6690 | D:7      | Reached skill level 9 in Axes
  7449 | D:7      | Found a glowing golden altar of the Shining One.
  7683 | D:8      | Paralysed by fainting for 12 turns
  7808 | D:8      | Found Gigrud's Jewellery Shop.
  7813 | D:8      | Reached XP level 10. HP: 63/63 MP: 10/10
  7848 | D:8      | Reached skill level 10 in Axes
  8156 | D:8      | Reached ***** piety under Trog
  9126 | D:9      | Found a shattered altar of Ashenzari.
  9132 | D:9      | Found a staircase to the Lair.
  9685 | D:10     | Entered Level 10 of the Dungeon
  9689 | D:10     | Found a staircase to the Orcish Mines.
  9977 | D:10     | Reached skill level 11 in Axes
 11064 | D:10     | Reached XP level 11. HP: 45/71 MP: 11/11
 12179 | D:10     | Killed an unseen horror
 13483 | D:11     | Noticed a red ugly thing
 13496 | D:11     | HP: 1/106 [red ugly thing (20)]
 13499 | D:11     | Slain by a red ugly thing

Skill      XL: |  1  2  3  4  5  6  7  8  9 10 11 |
---------------+----------------------------------+-----
Axes           | 3 4 5 6 7 9 11 | 11.7
Dodging        | 2 3 |  3.7
Fighting       | 4 5 6 7 9 |  9.6
Stealth        | 1 2 |  2.3
Armour         | 3 5 6 7 8 |  8.2

Action                   |  1- 3 |  4- 6 |  7- 9 | 10-12 || total
-------------------------+-------+-------+-------+-------++-------
Melee: Hand axe          |   102 |   260 |   188 |       ||   550
       War axe           |       |       |   346 |   532 ||   878
Invok: Berserk           |     1 |     4 |     5 |     4 ||    14
  Use: Scroll            |       |       |    17 |    10 ||    27
       Potion            |       |       |       |     1 ||     1
 Stab: Sleeping          |     1 |     1 |       |       ||     2
  Eat: Chunk             |       |    10 |    29 |    24 ||    63
       Ration            |       |     1 |     3 |       ||     4
Armor: Animal skin       |    45 |    92 |       |       ||   137
       Plate armour      |       |     3 |   429 |   932 ||  1364
Dodge: Dodged            |    61 |   164 |   192 |   305 ||   722
